 Dungeon Crawl Stone Soup version 0.27-a0-1196-g3e9cee4cb2 (webtiles) character file.

Game seed: 1371972434149411765

82 Morbidden the Skirmisher (level 4, 0/40 HPs)
             Began as a Minotaur Fighter on May 29, 2021.
             Slain by a black bear (6 damage)
             ... on level 4 of the Dungeon.
             The game lasted 00:01:11 (1041 turns).

Morbidden the Skirmisher (Minotaur Fighter)         Turns: 1041, Time: 00:01:11

Health: 0/40       AC:  7    Str: 22    XL:     4   Next: 21%
Magic:  3/3        EV:  7    Int:  5    God:
Gold:   85         SH:  9    Dex:  9    Spells: 3/3 levels left

rFire    . . .     SeeInvis .   a - +0 war axe
rCold    . . .     Faith    .   c - +0 kite shield
rNeg     . . .     Spirit   .   b - +0 scale mail
rPois    .         Reflect  .   (helmet restricted)
rElec    .         Harm     .   (no cloak)
rCorr    .         Rampage  .   (no gloves)
Will     .....                  (no boots)
Stlth    ..........             (no amulet)
HPRegen  0.13/turn              (no ring)
MPRegen  0.08/turn              (no ring)

@: no status effects
A: horns 2, retaliatory headbutt
a: no special abilities


You were on level 4 of the Dungeon.
You visited 1 branch of the dungeon, and saw 3 of its levels.

You collected 85 gold pieces.

Inventory:

Hand Weapons
 a - a +0 war axe (weapon)
Missiles
 h - a poisoned dart (quivered)
Armour
 b - a +0 scale mail (worn)
 c - a +0 kite shield (worn)
Scrolls
 g - a scroll of identify {unknown}
Potions
 d - a potion of might
 e - a potion of lignification {unknown}
 f - a potion of invisibility {unknown}
 i - a potion of heal wounds {unknown}


   Skills:
 * Level 4.2 Fighting
 + Level 4.1 Axes
 + Level 4.0 Armour
 * Level 0.9 Dodging
 + Level 4.0 Shields


You had 3 spell levels left.
You didn't know any spells.
Your spell library contained the following spells:

 Spells                   Type           Power      Damage    Failure   Level
 Confusing Touch          Hex            0%         N/A       100%        3
 Gell's Gravitas          Tloc           0%         N/A       100%        3
 Petrify                  Tmut/Erth      0%         N/A       100%        4
 Metabolic Englaciation   Hex/Ice        0%         N/A       100%        5
 Yara's Violent Unravell  Hex/Tmut       0%         3d3       100%        5


Dungeon Overview and Level Annotations

Branches:
Dungeon (2/15)

Altars:


Innate Abilities, Weirdness & Mutations

You have a pair of horns on your head.
You reflexively headbutt those who attack you in melee.


Message History

Unknown command.
Unknown command.
Unknown command.
Unknown command.
The black bear looks more healthy.
You block the adder's attack.
Throw: 4 darts (poison)
Press: ? - help, Q - select action Shift-Dir - straight line, f/p - adder
Aim: an adder (almost dead, poisoned, 35% to hit)
You throw a poisoned dart.
The poisoned dart closely misses the adder.
The poisoned dart completely misses the black bear.
You block the adder's attack.
Throw: 3 darts (poison)
Press: ? - help, Q - select action Shift-Dir - straight line, f/p - adder
Aim: an adder (almost dead, poisoned, 35% to hit)
You throw a poisoned dart.
The poisoned dart barely misses the adder.
The poisoned dart closely misses the black bear.
You kill the adder!
The black bear closely misses you. The black bear claws you.
* * * LOW HITPOINT WARNING * * *
The black bear claws you but does no damage.
Throw: 2 darts (poison)
Press: ? - help, Q - select action Shift-Dir - straight line, f - black bear
Aim: a black bear (almost dead, berserk, 64% to hit)
You throw a poisoned dart.
The poisoned dart closely misses the black bear.
The black bear bites you but does no damage.
The black bear claws you.
* * * LOW HITPOINT WARNING * * *
The black bear claws you but does no damage.
You block the black bear's attack. The black bear claws you.
* * * LOW HITPOINT WARNING * * *
The black bear claws you but does no damage.
Unknown command.
You closely miss the black bear.
The black bear is almost dead.
You block the black bear's attack. The black bear barely misses you. x2
The black bear bites you.
You die...

### ... #.# # #..
#.# ##. #...# #.#
....##...###.#
......... ..# #
.###..##..####.#.##
S...(.(..((.h@...#
........###.#.##
##.##.#.###.#.#
#............#
#.............###
#.##....#.#####
...........
#.##.#..#.### ..
.........


You could see a black bear (berserk).

Vanquished Creatures
  3 adders
  A worm (D:2)
  4 dart slugs
  4 ball pythons
  6 endoplasms
  2 giant cockroaches
  5 goblins
  4 hobgoblins
  4 jackals (D:1)
  A quokka (D:1)
  4 bats
  3 rats
41 creatures vanquished.

Notes
Turn   | Place    | Note
-------+----------+-------------------------------------------
     0 | D:1      | Morbidden the Minotaur Fighter began the quest for the Orb.
     0 | D:1      | Reached XP level 1. HP: 19/19 MP: 0/0
   163 | D:1      | Reached XP level 2. HP: 24/27 MP: 1/1
   509 | D:1      | Found a faded altar of an unknown god.
   512 | D:1      | Reached XP level 3. HP: 33/33 MP: 2/2
   968 | D:2      | Reached XP level 4. HP: 38/40 MP: 3/3
  1018 | D:2      | You fall into a shaft and drop 2 floors!
  1018 | D:4      | Noticed a black bear
  1041 | D:4      | Slain by a black bear

Illustrated notes

Levels and vault maps discovered:
D:1:      nzn_arrival_depleted_hourglass, layout_loops_ring,
          hellmonk_ecumenical_altar_blasted, st_stairs_1
D:2:      layout_rooms, serial_shops, nicolae_shop_stone
D:4:      minmay_razor_zed, layout_basic, uniq_edmund, uniq_eustachio,
          uniq_duvessa, uniq_purgy

Skill      XL: |  1  2  3 |
---------------+----------+-----
Shields        | 4 |  4.0
Axes           | 3 4 |  4.1
Fighting       | 4 |  4.2
Armour         | 4 |  4.0
Dodging        | |  0.9

Action                   |  1- 3 |  4- 6 || total
-------------------------+-------+-------++-------
Melee: War axe           |    63 |    12 ||    75
       Headbutt          |     9 |     1 ||    10
Throw: Dart              |       |    10 ||    10
Armor: Scale mail        |    33 |    13 ||    46
Dodge: Dodged            |    15 |    10 ||    25
Block: Kite shield       |    32 |    24 ||    56

Table legend: (Time is in decaauts)
 A = Elapsed time spent in this place.
 B = Non-inter-level travel time spent in this place.
 C = Inter-level travel time spent in this place.
 D = Time resting spent in this place.
 E = Time spent auto-exploring this place.
 F = Levels seen in this place.
 G = Mean time per level.
                   A        B        C        D        E       F      G
               +--------+--------+--------+--------+--------+-----+--------+
         Total |   1084 |   1051 |     33 |      0 |    829 |   3 |  361.3 |
       Dungeon |   1084 |   1051 |     33 |      0 |    829 |   3 |  361.3 |
               +--------+--------+--------+--------+--------+-----+--------+

Top non-repeatable levels by time:
     D:1: 870 daAuts
     D:2: 186 daAuts
     D:4: 26 daAuts
